 Dungeon Crawl Stone Soup version 0.30.1-11-g7821555f0a (webtiles) character file.

Game seed: 901718680712537854

569 Unglued128 the Twirler (level 7, -3/52 HPs)
             Began as a Gnoll Wanderer on Nov 21, 2023.
             Was an Initiate of Kikubaaqudgha.
             Slain by an iguana (6 damage)
             ... on level 4 of the Dungeon.
             The game lasted 00:15:04 (3461 turns).

Unglued128 the Twirler (Gnoll Wanderer)             Turns: 3461, Time: 00:15:05

Health: -3/52      AC:  7    Str: 12    XL:     7   Next: 33%
Magic:  10/10      EV: 14    Int:  8    God:    Kikubaaqudgha [......]
Gold:   95         SH:  0    Dex: 16    Spells: 11/11 levels left

rFire   . . .        e - +2 whip (holy)
rCold   . . .        (no shield)
rNeg    . . .        i - +3 leather armour
rPois   .            (no helmet)
rElec   .            (no cloak)
rCorr   .            c - +0 pair of gloves
SInv    .            (no boots)
Will    .....        (no amulet)
Stlth   ++           (no ring)
HPRegen 0.28/turn    (no ring)
MPRegen 0.12/turn

%: no passive effects
@: no status effects
A: fangs 1, strong nose, distributed training
a: Renounce Religion


You were on level 4 of the Dungeon.
You worshipped Kikubaaqudgha.
Kikubaaqudgha was noncommittal.
You visited 1 branch of the dungeon, and saw 4 of its levels.

You collected 195 gold pieces.
You spent 100 gold pieces at shops.

Inventory:

Hand Weapons
 a - a +2 quarterstaff
 e - a +2 whip of holy wrath (weapon)
Missiles
 r - 4 poisoned darts (quivered)
Armour
 c - a +0 pair of gloves (worn)
 i - a +3 leather armour (worn)
Jewellery
 m - a ring of positive energy
Wands
 n - a wand of polymorph (6)
 o - a wand of roots (6)
Potions
 b - 2 potions of lignification
 d - a potion of brilliance
 f - a potion of curing
 g - a potion of flight
 h - a potion of magic
 k - 2 potions of mutation
 l - a potion of might
 q - 2 potions of degeneration {unknown}


   Skills:
 + Level 3.6 Fighting
 + Level 2.5 Short Blades
 + Level 2.5 Long Blades
 + Level 2.5 Axes
 + Level 2.5 Maces & Flails
 + Level 2.5 Polearms
 + Level 7.0 Staves
 + Level 2.5 Ranged Weapons
 + Level 2.5 Throwing
 + Level 3.6 Armour
 + Level 5.2 Dodging
 + Level 2.5 Stealth
 + Level 2.5 Shields
 + Level 3.6 Unarmed Combat
 + Level 2.5 Spellcasting
 + Level 2.0 Conjurations
 + Level 2.0 Hexes
 + Level 2.0 Summonings
 + Level 2.0 Necromancy
 + Level 2.0 Translocations
 + Level 2.0 Transmutations
 + Level 2.0 Fire Magic
 + Level 2.0 Ice Magic
 + Level 2.0 Air Magic
 + Level 2.0 Earth Magic
 + Level 2.0 Poison Magic
 + Level 3.8 Invocations
 + Level 3.6 Evocations


You had 11 spell levels left.
You didn't know any spells.
Your spell library was empty.

Dungeon Overview and Level Annotations

Branches:
Dungeon (4/15)             Temple (0/1) D:4

Altars:
Kikubaaqudgha
Okawaru
Trog

Shops:
D:2 !

Annotations:
D:4 Sigmund


Innate Abilities, Weirdness & Mutations

You have very sharp teeth.
Your uncanny sense of smell can sniff out nearby items.
Your experience applies equally to all skills.


Message History

The hound is heavily wounded.
Sigmund is no longer paralysed.
The hound barely misses you. The iguana barely misses you.
The hobgoblin closely misses you.
Sigmund screams, "Don't try to resist!"
Sigmund hits you from afar with a +0 scythe.
* * * LOW HITPOINT WARNING * * *
Aiming: Paralyse
Press: ? - help, Q - select action, (/) - cycle Shift-Dir - straight line, f/p - Sigmund
Aim: Sigmund, wielding a +0 scythe and wearing a +0 robe (chance to affect: 67%) Sigmund suddenly stops moving!
The now-empty wand crumbles to dust.
The hound barely misses you. The hound misses you.
The hobgoblin barely misses you. The iguana misses you.
You feel better. The hound completely misses you. The iguana bites you.
The hobgoblin barely misses you.
You hit the hound.
The hound is heavily wounded.
The hound bites you but does no damage. The iguana barely misses you.
The hobgoblin closely misses you. The hound misses you.
You hit the hound. You punch the hound. Your bite misses the hound.
The hound is almost dead.
The hound barely misses you. The iguana bites you!
* * * LOW HITPOINT WARNING * * *
The hobgoblin barely misses you.
You closely miss the hound.
The hound is almost dead.
The hound closely misses you. The iguana bites you!
* * * LOW HITPOINT WARNING * * *
The hobgoblin barely misses you. The hound bites you.
* * * LOW HITPOINT WARNING * * *
You hit the hound.
You kill the hound!
Kikubaaqudgha accepts your kill. The hobgoblin barely misses you.
The iguana closely misses you. The adder barely misses you.
You hit the adder.
The adder is heavily wounded.
The adder bites you but does no damage. The hobgoblin misses you.
The iguana bites you.
You die...
Kikubaaqudgha rasps: "You have failed me!
Welcome... death!"

#...........### .# #
#.#.##...##...# .#.#
##...##...##.#.###.#.#
#............#.#.....#
..#####.#.####.#.....#
...####....# #.......#
.#.##....#.####......#
.........#.......l...#..
...####..######.@S.....#
.....##..##...@..g......
####...........###......
.##..)....##.......###..
.##.#####.###.#..... .
..<.# ........####.
.#### .......#.. .. .#
........(.## .. .#
.......... #


You could see Sigmund (paralysed), an iguana, an adder and a hobgoblin.

Vanquished Creatures
  Grinder (D:3)
  An ogre (D:4)
  An orc priest (D:3)
  A hound (D:4)
  Natasha (thrice) (D:3)
  An iguana (D:4)
  3 adders
  An adder skeleton (D:2)
  2 dart slugs
  7 orcs
  10 ball pythons
  5 endoplasms
  6 giant cockroaches
  6 goblins
  7 hobgoblins
  5 jackals
  5 kobolds
  4 quokkas
  A ball python zombie (D:2)
  3 bats
  4 frilled lizards
  A giant cockroach zombie (D:2)
  A quokka skeleton (D:2)
  A quokka zombie (D:2)
  4 rats
84 creatures vanquished.

Notes
Turn   | Place    | Note
-------+----------+-------------------------------------------
     0 | D:1      | Unglued128 the Gnoll Wanderer began the quest for the Orb.
     0 | D:1      | Unglued128 set off with the following items: a +2
                  | quarterstaff, 2 potions of lignification, a +0 pair of
                  | gloves, a +0 leather armour.
     0 | D:1      | Reached XP level 1. HP: 17/17 MP: 2/2
   205 | D:1      | Found a faded altar of an unknown god.
   403 | D:1      | Reached XP level 2. HP: 22/23 MP: 3/3
   915 | D:2      | Reached XP level 3. HP: 19/28 MP: 4/4
  1132 | D:2      | Reached skill level 1 in Short Blades
  1132 | D:2      | Reached skill level 1 in Long Blades
  1132 | D:2      | Reached skill level 1 in Axes
  1132 | D:2      | Reached skill level 1 in Maces & Flails
  1132 | D:2      | Reached skill level 1 in Polearms
  1132 | D:2      | Reached skill level 1 in Ranged Weapons
  1132 | D:2      | Reached skill level 1 in Throwing
  1132 | D:2      | Reached skill level 1 in Stealth
  1132 | D:2      | Reached skill level 1 in Shields
  1132 | D:2      | Reached skill level 1 in Spellcasting
  1271 | D:2      | Found Wihidux's Distillery.
  1280 | D:2      | Reached XP level 4. HP: 33/34 MP: 6/6
  1286 | D:2      | Bought a potion of curing for 30 gold pieces
  1286 | D:2      | Bought a potion of curing for 30 gold pieces
  1286 | D:2      | Bought a potion of might for 40 gold pieces
  1631 | D:3      | Noticed Natasha
  1647 | D:3      | Killed Natasha
  1648 | D:3      | Reached skill level 1 in Conjurations
  1648 | D:3      | Reached skill level 1 in Hexes
  1648 | D:3      | Reached skill level 1 in Summonings
  1648 | D:3      | Reached skill level 1 in Necromancy
  1648 | D:3      | Reached skill level 1 in Translocations
  1648 | D:3      | Reached skill level 1 in Transmutations
  1648 | D:3      | Reached skill level 1 in Fire Magic
  1648 | D:3      | Reached skill level 1 in Ice Magic
  1648 | D:3      | Reached skill level 1 in Air Magic
  1648 | D:3      | Reached skill level 1 in Earth Magic
  1648 | D:3      | Reached skill level 1 in Poison Magic
  1691 | D:3      | Noticed Natasha
  1703 | D:3      | Killed Natasha
  1704 | D:3      | Reached XP level 5. HP: 31/40 MP: 7/7
  1835 | D:3      | Noticed Natasha
  1846 | D:3      | Killed Natasha
  2111 | D:3      | Noticed Grinder
  2124 | D:3      | Killed Grinder
  2125 | D:3      | Reached skill level 5 in Dodging
  2125 | D:3      | Reached XP level 6. HP: 47/47 MP: 7/9
  2753 | D:3      | Found a bloodstained altar of Trog.
  2800 | D:3      | Found an ancient bone altar of Kikubaaqudgha.
  2800 | D:3      | Found an iron altar of Okawaru.
  2805 | D:3      | Became a worshipper of Kikubaaqudgha
  3061 | D:4      | Noticed Sigmund
  3077 | D:4      | Reached skill level 7 in Staves
  3077 | D:4      | Reached XP level 7. HP: 19/52 MP: 10/10
  3387 | D:4      | Found a staircase to the Ecumenical Temple.
  3459 | D:4      | HP: 2/52 [hound (2)]
  3461 | D:4      | Slain by an iguana

Illustrated notes

Levels and vault maps discovered:
D:1:      eino_arrival_druids_welcome, layout_basic,
          dreamdust_ecumenical_altar_angels_and_demons
D:2:      minmay_skewed_foursquare, layout_basic, serial_shops,
          nicolae_shop_tiny_waterfront, serial_undead, serial_undead_c,
          serial_undead_b, serial_undead_e, serial_undead_f, serial_undead_a,
          serial_undead_b, serial_undead_f
D:3:      layout_loops_corners, lightli_temple_of_fire,
          gammafunk_temple_overflow_statue, uniq_grinder, uniq_natasha
D:4:      layout_rooms, minmay_temple_entry_stoned_glass, uniq_sigmund

Skill      XL: |  1  2  3  4  5  6 |
---------------+-------------------+-----
Short Blades   | 1 2 |  2.5
Long Blades    | 1 2 |  2.5
Axes           | 1 2 |  2.5
Maces & Flails | 1 2 |  2.5
Polearms       | 1 2 |  2.5
Ranged Weapons | 1 2 |  2.5
Throwing       | 1 2 |  2.5
Stealth        | 1 2 |  2.5
Shields        | 1 2 |  2.5
Spellcasting   | 1 2 |  2.5
Conjurations   | 1 2 |  2.0
Hexes          | 1 2 |  2.0
Summonings     | 1 2 |  2.0
Necromancy     | 1 2 |  2.0
Translocations | 1 2 |  2.0
Transmutations | 1 2 |  2.0
Fire Magic     | 1 2 |  2.0
Ice Magic      | 1 2 |  2.0
Air Magic      | 1 2 |  2.0
Earth Magic    | 1 2 |  2.0
Poison Magic   | 1 2 |  2.0
Invocations    | 3 |  3.8
Fighting       | 3 |  3.6
Armour         | 3 |  3.6
Unarmed Combat | 3 |  3.6
Evocations     | 3 |  3.6
Dodging        | 5 |  5.2
Staves         | 7 |  7.0

Action                     |  1- 3 |  4- 6 |  7- 9 || total
---------------------------+-------+-------+-------++-------
  Melee: Quarterstaff      |    38 |       |       ||    38
         Bite              |    14 |    21 |     6 ||    41
         Whip              |    58 |   150 |    50 ||   258
         Punch             |       |       |     3 ||     3
  Throw: Dart              |       |     5 |       ||     5
  Evoke: Wand              |       |     2 |     2 ||     4
    Use: Scroll            |     1 |     5 |       ||     6
         Potion            |       |     1 |     1 ||     2
   Stab: Sleeping          |     2 |     2 |       ||     4
         Paralysed         |       |    14 |       ||    14
 Armour: Leather armour    |    26 |    48 |    21 ||    95
  Dodge: Dodged            |    55 |   108 |    78 ||   241
